 Dungeon Crawl Stone Soup version 0.17.0-28-g6e173f8 (webtiles) character file.

1002 Ithica the Shield-Bearer (level 8, -5/68 HPs)
             Began as a Minotaur Fighter on Nov 28, 2015.
             Was an Initiate of Gozag.
             Slain by Joseph
             ... wielding a +2 quarterstaff of crushing
              (8 damage)
             ... on level 7 of the Dungeon.
             The game lasted 00:11:36 (5128 turns).

Ithica the Shield-Bearer (Minotaur Fighter)         Turns: 5128, Time: 00:11:36

Health: -5/68      AC: 14    Str: 22    XL:     8   Next: 0%
Magic:  7/7        EV:  6    Int:  5    God:    Gozag
Gold:   279        SH: 10    Dex: 11    Spells: 0 memorised, 7 levels left

rFire  . . .     SeeInvis .     a - +0 war axe
rCold  . . .     Clarity  .     n - +0 plate armour
rNeg   . . .     SustAt   .     c - +0 shield
rPois  .         Gourm    .     (helmet restricted)
rElec  .         Spirit   .     (no cloak)
rCorr  .         Warding  .     r - +0 pair of gloves
rMut   .         Stasis   .     (no boots)
MR     .....                    (no amulet)
Stlth  ..........               (no ring)
                                (no ring)

@: not resistant to hostile enchantments, extremely unstealthy
A: retaliatory headbutt, horns 2
a: Potion Petition, Call Merchant, Bribe Branch, Renounce Religion


You were on level 7 of the Dungeon.
You worshipped Gozag.
Gozag was noncommittal.
You were not hungry.

You visited 1 branch of the dungeon, and saw 7 of its levels.

You collected 580 gold pieces.
You paid 301 gold pieces to Gozag.

Inventory:

Hand Weapons
 a - a +0 war axe (weapon)
Armour
 b - a +0 scale mail
 c - a +0 shield (worn)
 i - a +3 ring mail
 n - a +0 plate armour (worn)
 r - a +0 pair of gloves (worn)
Jewellery
 k - an uncursed ring of protection from fire {unknown}
Wands
 q - a wand of flame (31)
 u - a wand of confusion (29)
 v - a wand of frost (25)
 w - a wand of slowing (22)
Scrolls
 g - 2 scrolls of amnesia
 h - 4 scrolls of recharging {unknown}
 m - a scroll of enchant armour {unknown}
 p - a scroll of magic mapping {unknown}
 s - 2 scrolls of remove curse {unknown}
 t - a scroll of identify {unknown}
 x - a scroll of fog {unknown}
Potions
 d - 2 potions of might
 f - 2 potions of flight {unknown}
 j - a potion of cancellation {unknown}
 l - a potion of cure mutation {unknown}
 o - a potion of heal wounds {unknown}
Comestibles
 e - 3 bread rations


   Skills:
 + Level 5.2 Fighting
 + Level 5.5 Axes
 + Level 6.6 Armour
 + Level 3.3 Dodging
 + Level 0.3 Stealth
 + Level 6.9 Shields


You had 7 spell levels left.
You didn't know any spells.

Dungeon Overview and Level Annotations

Branches:
Dungeon (7/15)             Temple (0/1) D:6

Altars:
Cheibriados
Gozag
Ru
Sif Muna
Vehumet
Xom
Yredelemnul

Shops:
D:2 *   D:4 ?

Annotations:
D:7 Joseph


Innate Abilities, Weirdness & Mutations

You reflexively headbutt those who attack you in melee.
You have a pair of horns on your head.


Message History

[a] - 280 gold - resistance and agility [b] - 360 gold - resistance, might and agility [c] - 275 gold - curing and magic Purchase which effect?
You no longer have enough gold to petition Gozag for potion effects.
You feel better. Magic courses through your body. You block Joseph's attack.
Your shield and plate armour prevent you from hitting Joseph.
Joseph is severely wounded.
Joseph hits you but does no damage.
A hound skeleton comes into view.
You hit Joseph but do no damage.
Joseph is severely wounded.
Joseph hits you with an uncursed quarterstaff of crushing!
* * * LOW HITPOINT WARNING * * *
x2 You block Joseph's attack.
You hit Joseph but do no damage. You headbutt Joseph!
Joseph is almost dead.
Joseph hits you with an uncursed quarterstaff of crushing!
You die...
Your body crumbles into a pile of gold.

#.........#
#.>.......#
#.$...<(..#
........$(.#
#.........##
#.#......(## .
###....(.# ###
#.....(##.....
#....>#@.Z.#
.....#..@##.)...
....###..# ##.#
!.. #... .. #...
#.#.. .. .. .#
...


You could see Joseph and a hound skeleton.

Vanquished Creatures
  The ghost of Gargoyl the Sneak, an amateur OpAs (D:4)
  An ice beast (D:6)
  A phantom (D:5)
  2 giant frogs
  A scorpion (D:6)
  3 wights (D:6)
  A centaur skeleton (D:5)
  2 giant frog skeletons
  A hound (D:5)
  5 worker ants
  3 gnolls (D:2)
  8 adders
  An ooze (D:2)
  3 worms
  2 orcs
  6 bats
  4 giant cockroaches
  6 hobgoblins
  A kobold (D:3)
  3 quokkas
  2 ball pythons
  A giant gecko (D:7)
  7 giant newts
  9 goblins
  2 jackals (D:5)
  2 jackal skeletons
  5 rats
83 creatures vanquished.

Notes
Turn   | Place    | Note
--------------------------------------------------------------
     0 | D:1      | Ithica the Minotaur Fighter began the quest for the Orb.
     0 | D:1      | Reached XP level 1. HP: 19/19 MP: 0/0
   435 | D:1      | Reached skill level 4 in Fighting
   435 | D:1      | Reached XP level 2. HP: 27/27 MP: 1/1
   948 | D:2      | Found a sacrificial altar of Ru.
  1026 | D:2      | Reached XP level 3. HP: 15/33 MP: 2/2
  1364 | D:2      | Found a snail-covered altar of Cheibriados.
  1383 | D:2      | Reached XP level 4. HP: 26/41 MP: 3/3
  1423 | D:2      | Found Gozag's Platinum Reserve.
  1543 | D:2      | Found an opulent altar of Gozag.
  1802 | D:2      | Became a worshipper of Gozag Ym Sagoz the Greedy
  1848 | D:2      | Reached skill level 1 in Dodging
  2119 | D:3      | Reached XP level 5. HP: 38/47 MP: 4/4
  2226 | D:3      | Found a shimmering altar of Xom.
  2468 | D:3      | Found a deep blue altar of Sif Muna.
  2512 | D:3      | Found a radiant altar of Vehumet.
  2957 | D:4      | Noticed Gargoyl's ghost (amateur OpAs)
  2988 | D:4      | Killed Gargoyl's ghost
  2988 | D:4      | Reached skill level 5 in Armour
  2988 | D:4      | Reached skill level 5 in Shields
  2988 | D:4      | Reached XP level 6. HP: 41/53 MP: 5/5
  3380 | D:4      | Found Yrioqeyxt's Magic Scroll Shop.
  3701 | D:5      | Entered Level 5 of the Dungeon
  3981 | D:5      | Found a basalt altar of Yredelemnul.
  4066 | D:5      | Reached XP level 7. HP: 42/60 MP: 6/6
  4511 | D:6      | Reached skill level 5 in Fighting
  4511 | D:6      | Reached skill level 6 in Armour
  4778 | D:6      | Reached skill level 5 in Axes
  4909 | D:6      | Found a staircase to the Ecumenical Temple.
  5109 | D:7      | Noticed Joseph
  5109 | D:7      | Reached XP level 8. HP: 65/68 MP: 7/7
  5127 | D:7      | HP: 3/68 [Joseph/uncursed quarterstaff of crushing (2)]
  5128 | D:7      | Slain by Joseph

Action                   |  1- 3 |  4- 6 |  7- 9 || total
-------------------------+-------+-------+-------++-------
Melee: War axe           |    51 |   133 |    82 ||   266
Invok: Potion Petition   |       |     1 |     1 ||     2
  Use: Potion            |     2 |       |       ||     2
       Scroll            |     1 |       |       ||     1
  Eat: Bread ration      |       |     2 |       ||     2
       Meat ration       |       |     1 |       ||     1
